[ AOE2 MATCH · #505420815 ]
UnrankedLithuanians vs Wei
Player's team · WIN
Rival team · LOSS
[ REPLAY ANALYSIS · EXTRACTED FROM THE RECORDED GAME ]
Feudal
8:06
Castle
—
Imperial
—
| APM avg | 45.6 |
| APM peak | 89 |
| eAPM avg | 20.4 |
| Villagers / military | 31 / 0 |
Focus
⚔️ 32.4% · 🌾 67.6%
Feudal
10:57
Castle
—
Imperial
—
| APM avg | 47.1 |
| APM peak | 101 |
| eAPM avg | 19.2 |
| Villagers / military | 42 / 7 |
Focus
⚔️ 22.1% · 🌾 77.9%
Spearman ×7
Match map
Initial resources + every placement click. Lines = walls · curves = elevation contours. ◆ gold · ⬟ stone · ● berries · ✦ relic · ◌ wall gap
Your base· ✓ Closed at 12:00 · 10t walls · 3 gate(s)
爱种田的太奶's base· ✓ Closed at 12:00 · 0t walls · 2 gate(s)
Smoothed initial terrain · ◌ = detected wall gap · hover for details
Inputs per minute
— Mr.smeagoul - - 爱种田的太奶
Build order — Mr.smeagoul
67 actions detected in the replay
| 0:00 | Queue | Villager (Male) |
| 0:01 | Queue | Villager (Male) |
| 0:02 | Build | House |
| 0:03 | Build | House |
| 0:08 | Queue | Villager (Male) |
| 0:09 | Queue | Villager (Male) |
| 0:13 | Queue | Villager (Male) |
| 0:13 | Queue | Villager (Male) |
| 1:23 | Queue | Villager (Male) |
| 1:45 | Build | Lumber Camp |
| 1:51 | Queue | Villager (Male) |
| 2:16 | Build | Palisade Wall |
| 2:20 | Build | Palisade Wall |
| 2:23 | Build | Palisade Wall |
| 2:28 | Build | Palisade Wall |
| 2:30 | Build | Palisade Wall |
| 2:46 | Queue | Villager (Male) |
| 3:06 | Build | House |
| 3:07 | Build | Palisade Wall |
| 3:18 | Queue | Villager (Male) |
| 3:39 | Queue | Villager (Male) |
| 4:08 | Build | Palisade Wall |
| 4:22 | Queue | Villager (Male) |
| 4:53 | Build | Mill |
| 4:56 | Queue | Villager (Male) |
| 5:13 | Queue | Villager (Male) |
| 5:56 | Research | Feudal Age |
| 6:05 | Build | House |
| 6:42 | Research | Loom |
| 7:17 | Build | Mining Camp |
| 7:18 | Queue | Villager (Male) |
| 8:06 | Age | Feudal Age |
| 8:07 | Build | Watch Tower |
| 8:15 | Queue | Villager (Male) |
| 8:32 | Research | Double-Bit Axe |
| 9:03 | Build | Stone Wall |
| 9:04 | Build | Stone Wall |
| 9:08 | Build | Stone Wall |
| 9:16 | Queue | Villager (Male) |
| 9:27 | Build | Watch Tower |
| 9:30 | Queue | Villager (Male) |
| 9:59 | Queue | Villager (Male) |
| 10:03 | Build | House |
| 10:22 | Queue | Villager (Male) |
| 10:40 | Build | Watch Tower |
| 10:43 | Queue | Villager (Male) |
| 11:01 | Build | Blacksmith |
| 11:03 | Queue | Villager (Male) |
| 11:26 | Queue | Villager (Male) |
| 11:48 | Research | Fletching |
| 11:56 | Queue | Villager (Male) |
| 12:05 | Queue | Villager (Male) |
| 12:12 | Build | Farm |
| 12:22 | Build | House |
| 12:27 | Queue | Villager (Male) |
| 12:43 | Queue | Villager (Male) |
| 12:45 | Build | Farm |
| 13:35 | Queue | Villager (Male) |
| 13:36 | Build | Farm |
| 13:57 | Build | Farm |
| 14:24 | Build | Stone Wall |
| 14:33 | Queue | Villager (Male) |
| 14:33 | Queue | Villager (Male) |
| 14:36 | Build | Farm |
| 14:37 | Build | Farm |
| 14:58 | Queue | Villager (Male) |
| 15:01 | Build | Farm |
Build order — 爱种田的太奶
74 actions detected in the replay
| 0:01 | Queue | Villager (Male) |
| 0:01 | Queue | Villager (Male) |
| 0:01 | Queue | Villager (Male) |
| 0:02 | Build | House |
| 0:04 | Build | House |
| 0:07 | Queue | Villager (Male) |
| 0:07 | Queue | Villager (Male) |
| 1:30 | Queue | Villager (Male) |
| 1:30 | Queue | Villager (Male) |
| 1:54 | Queue | Villager (Male) |
| 1:56 | Build | Lumber Camp |
| 2:22 | Queue | Villager (Male) |
| 2:22 | Queue | Villager (Male) |
| 2:52 | Queue | Villager (Male) |
| 2:52 | Queue | Villager (Male) |
| 2:59 | Queue | Villager (Male) |
| 3:00 | Queue | Villager (Male) |
| 3:03 | Build | House |
| 3:04 | Build | House |
| 3:42 | Queue | Villager (Male) |
| 3:42 | Queue | Villager (Male) |
| 4:09 | Queue | Villager (Male) |
| 4:09 | Queue | Villager (Male) |
| 4:10 | Queue | Villager (Male) |
| 4:22 | Build | Mill |
| 4:45 | Queue | Villager (Male) |
| 5:17 | Queue | Villager (Male) |
| 5:18 | Queue | Villager (Male) |
| 5:21 | Queue | Villager (Male) |
| 5:45 | Build | Mill |
| 5:52 | Queue | Villager (Male) |
| 5:54 | Queue | Villager (Male) |
| 6:07 | Queue | Villager (Male) |
| 6:39 | Queue | Villager (Male) |
| 6:54 | Build | Farm |
| 7:16 | Build | Farm |
| 7:23 | Queue | Villager (Male) |
| 7:30 | Build | House |
| 7:44 | Queue | Villager (Male) |
| 8:01 | Queue | Villager (Male) |
| 8:11 | Research | Loom |
| 8:26 | Research | Feudal Age |
| 9:31 | Build | Barracks |
| 10:05 | Build | House |
| 10:06 | Build | House |
| 10:34 | Build | House |
| 10:44 | Queue | Villager (Male) |
| 10:45 | Queue | Villager (Male) |
| 10:57 | Age | Feudal Age |
| 11:09 | Build | Watch Tower |
| 11:18 | Queue | Spearman |
| 11:18 | Queue | Spearman |
| 11:21 | Research | Double-Bit Axe |
| 11:38 | Build | Watch Tower |
| 11:42 | Queue | Villager (Male) |
| 11:58 | Build | Mining Camp |
| 11:59 | Queue | Spearman |
| 12:02 | Queue | Villager (Male) |
| 12:14 | Queue | Spearman |
| 12:16 | Research | Horse Collar |
| 12:40 | Build | Farm |
| 12:41 | Queue | Villager (Male) |
| 12:41 | Queue | Villager (Male) |
| 12:42 | Queue | Villager (Male) |
| 12:47 | Queue | Spearman |
| 12:48 | Queue | Villager (Male) |
| 13:15 | Queue | Villager (Male) |
| 13:43 | Queue | Villager (Male) |
| 14:11 | Queue | Villager (Male) |
| 14:13 | Build | Farm |
| 14:41 | Queue | Spearman |
| 14:41 | Queue | Spearman |
| 14:56 | Queue | Villager (Male) |
| 14:59 | Build | Farm |
Match timeline
| 2:16 | Mr.smeagoul · wall_segment Palisade Wall x1 |
| 2:20 | Mr.smeagoul · wall_segment Palisade Wall x1 |
| 2:23 | Mr.smeagoul · wall_segment Palisade Wall x1 |
| 2:28 | Mr.smeagoul · wall_segment Palisade Wall x1 |
| 2:30 | Mr.smeagoul · wall_segment Palisade Wall x1 |
| 3:07 | Mr.smeagoul · wall_segment Palisade Wall x1 |
| 4:08 | Mr.smeagoul · wall_segment Palisade Wall x1 |
| 8:06 | Mr.smeagoul · age_up feudal |
| 9:03 | Mr.smeagoul · wall_segment Stone Wall x1 |
| 9:04 | Mr.smeagoul · wall_segment Stone Wall x1 |
| 9:08 | Mr.smeagoul · wall_segment Stone Wall x1 |
| 9:31 | 爱种田的太奶 · first_building Barracks |
| 10:57 | 爱种田的太奶 · age_up feudal |
| 14:24 | Mr.smeagoul · wall_segment Stone Wall x1 |
| 15:07 | 爱种田的太奶 · resign |
[ AI ANALYSIS · 1 CREDIT ]
What really happened in this match?
Wolo.gg analyzes every decision: build order, eco, micro, common mistakes by bracket. Personalized analysis on WhatsApp or Discord in 30 seconds.
Civ guide
Lithuanians
Perfil
Mr.smeagoul